 Dungeon Crawl Stone Soup version 0.27.1-35-g4d5d836560 (console) character file.

Game seed: 16360896965726611556

245010 grimtooth the Necromancer (level 19, -15/160 HPs)
             Began as a Ghoul Necromancer on July 19, 2022.
             Was the Champion of Dithmenos.
             Demolished by a phantasmal warrior (20 damage)
             ... on level 1 of the Vaults on Aug 2, 2022.
             The game lasted 08:53:36 (72655 turns).

grimtooth the Necromancer (Ghoul Necromancer)      Turns: 72655, Time: 08:53:37

Health: -15/160    AC: 19    Str: 10 (11) XL:     19   Next: 46%
Magic:  27/27      EV: 13    Int: 22 (24) God:    Dithmenos [******]
Gold:   1813       SH: 10    Dex:  8 (9)  Spells: 9/30 levels left

rFire    + + .     SeeInvis .     - Unarmed
rCold    + . .     Faith    .   p - +0 buckler
rNeg     + + +     Spirit   .   M - +0 fire dragon scales
rPois    ∞         Reflect  +   Q - +2 helmet
rElec    +         Harm     .   v - +1 cloak
rCorr    .         Rampage  .   (no gloves)
Will     +....                  u - +1 pair of boots {Fly}
Stlth    +++++.....             B - amulet of reflection
HPRegen  0.00/turn              a - +4 ring of evasion
MPRegen  0.20/turn              R - ring of Quilipp {rElec rC+ Str-4 Int+9 Stlth-}

@: death channeling, marked, flying, inhibited regen, hasted, wreathed by umbra,
very quick
A: claws 1, cold resistance 1, negative energy resistance 3, inhibited
regeneration, torment resistance 2
}: 2/15 runes: barnacled, gossamer
a: Renounce Religion, Shadow Step, Shadow Form


You were on level 1 of the Vaults.
You worshipped Dithmenos.
Dithmenos was exalted by your worship.
You visited 7 branches of the dungeon, and saw 33 of its levels.
You visited the Abyss 1 time.
You also visited: Sewer, Ossuary, Gauntlet and Ice Cave.

You collected 3030 gold pieces.
You spent 1217 gold pieces at shops.

Inventory:

Hand Weapons
 b - a +2 vampiric dagger
Missiles
 l - 4 curare-tipped darts
 y - 25 poisoned darts
 z - 3 throwing nets (quivered) {=f}
 V - 61 boomerangs
Armour
 p - a +0 buckler (worn)
 u - a +1 pair of boots of flying (worn)
 v - a +1 cloak (worn)
 M - +0 fire dragon scales (worn)
 Q - a +2 helmet (worn)
Magical Staves
 x - a staff of death
Jewellery
 a - a +4 ring of evasion (left claw)
 B - an amulet of reflection (around neck)
 I - the ring of Dim Light {Ice rElec rN+ MP+9 Str+2}
   (You found it in an ice cave)

   [ring of ice]

   It enhances your ice magic.
   Str:       It affects your strength (+2).
   rF:        It makes you vulnerable to fire.
   rC:        It protects you from cold.
   rElec:     It insulates you from electricity.
   rN:        It protects you from negative energy.
   MP:        It affects your magic capacity (+9).
 R - the ring of Quilipp (right claw) {rElec rC+ Str-4 Int+9 Stlth-}
   (You found it in an ice cave)

   [ring of protection from cold]

   Str:       It affects your strength (-4).
   Int:       It affects your intelligence (+9).
   rC:        It protects you from cold.
   rElec:     It insulates you from electricity.
   Stlth:     It makes you less stealthy.
 Y - a +6 ring of intelligence
Wands
 o - a wand of acid (16)
 q - a wand of paralysis (35)
 r - a wand of polymorph (34)
 C - a wand of mindburst (28)
 D - a wand of flame (3)
 J - a wand of digging (14)
 T - a wand of iceblast (4)
Scrolls
 e - 3 scrolls of fear
 f - 7 scrolls of teleportation
 i - a scroll of silence
 k - a scroll of brand weapon
 A - a scroll of magic mapping
 E - 5 scrolls of fog
 K - 3 scrolls of torment
 P - 3 scrolls of summoning
 W - 3 scrolls of vulnerability
Potions
 c - a potion of ambrosia
 d - 3 potions of magic
 j - 3 potions of haste
 n - 3 potions of curing
 t - a potion of invisibility
 F - 3 potions of cancellation
 H - 3 potions of resistance
 O - 5 potions of brilliance
 X - 4 potions of might
Miscellaneous
 g - a lightning rod (4/4)
 h - a phial of floods (inert)
 G - a condenser vane (inert)


   Skills:
 - Level 12.0 Fighting
 - Level 6.0 Short Blades
 - Level 9.0 Armour
 - Level 6.0 Dodging
 - Level 15.0 Stealth
 - Level 6.0 Shields
 - Level 15.0 Unarmed Combat
 - Level 6.0 Spellcasting
 - Level 18.0 Necromancy
 * Level 10.9 Invocations
 * Level 7.2 Evocations


You had 9 spell levels left.
You knew the following spells:

 Your Spells              Type           Power      Damage    Failure   Level
a - Pain                  Necr           100%       1d9       1%          1
b - Vampiric Draining     Necr           36%        2d11      1%          3
c - Corpse Rot            Necr/Air       N/A        N/A       2%          2
d - Death Channel         Necr           36%        N/A       6%          6
g - Agony                 Necr           72%        N/A       1%          5
u - Dispel Undead         Necr           72%        3d24      1%          4

Your spell library contained the following spells:

 Spells                   Type           Power      Damage    Failure   Level
 Animate Skeleton         Necr           100%       N/A       1%          1
 Animate Dead             Necr           36%        N/A       1%          4
 Magic Dart               Conj           24%        1d4       52%         1
 Summon Small Mammal      Summ           24%        N/A       52%         1
 Poisonous Vapours        Pois/Air       12%        N/A       67%         2
 Searing Ray              Conj           12%        3d3       67%         2
 Call Canine Familiar     Summ           6%         N/A       88%         3
 Gell's Gravitas          Tloc           3%         N/A       88%         3
 Ignite Poison            Fire/Tmut/Pois 6%         N/A       88%         3
 Inner Flame              Hex/Fire       6%         N/A       88%         3
 Lesser Beckoning         Tloc           3%         N/A       88%         3
 Mephitic Cloud           Conj/Pois/Air  6%         N/A       88%         3
 Portal Projectile        Hex/Tloc       12%        N/A       88%         3
 Stone Arrow              Conj/Erth      12%        3d7       88%         3
 Summon Guardian Golem    Hex/Summ       6%         N/A       88%         3
 Teleport Other           Tloc           6%         N/A       88%         3
 Airstrike                Air            3%         N/A       99%         4
 Cause Fear               Hex            3%         N/A       99%         4
 Fulminant Prism          Conj/Hex       3%         3d6       99%         4
 Leda's Liquefaction      Hex/Erth       3%         N/A       99%         4
 Summon Ice Beast         Ice/Summ       6%         N/A       99%         4
 Summon Lightning Spire   Summ/Air       6%         N/A       99%         4
 Bolt of Magma            Conj/Fire/Erth 3%         4d5       100%        5
 Fireball                 Conj/Fire      3%         3d4       100%        5
 Freezing Cloud           Conj/Ice/Air   3%         6-21      100%        5
 Iskenderun's Battlesphe  Conj           6%         2d6       100%        5
 Lightning Bolt           Conj/Air       3%         1d14      100%        5
 Summon Mana Viper        Hex/Summ       6%         N/A       100%        5
 Conjure Ball Lightning   Conj/Air       3%         3x3d6     100%        6
 Starburst                Conj/Fire      3%         6d3       100%        6
 Monstrous Menagerie      Summ           3%         N/A       100%        7
 Orb of Destruction       Conj           3%         9d1       100%        7
 Discord                  Hex            3%         N/A       100%        8
 Ignition                 Fire           3%         3d4       100%        8
 Dragon's Call            Summ           3%         N/A       100%        9
 Shatter                  Erth           3%         3d7*      100%        9
 Dragon Form              Tmut           Unusable   N/A       N/A         7

Dungeon Overview and Level Annotations

Branches:
Dungeon (15/15)            Temple (1/1) D:5            Lair (6/6) D:11
 Shoals (4/4) Lair:2       Spider (4/4) Lair:4        Slime (0/5) Lair:6
    Orc (2/2) D:10            Elf (0/3) Orc:2        Vaults (1/5) D:13
  Sewer (visited)         Ossuary (visited)           IceCv (visited)
Gauntlet (visited)
 Depths: D:15

Altars:
Ashenzari
Cheibriados
Dithmenos
Elyvilon
Fedhas
Gozag
Kikubaaqudgha
Makhleb
Okawaru
Ru
Sif Muna
Trog
Uskayaw
Vehumet
Wu Jian
Xom
Yredelemnul
Zin
Beogh

Shops:
D:1 !**   D:4 (   D:12 [   D:15 :   Orc:2 [[[!   Shoals:1 *   Vaults:1 *

Portals:
Trove: D:15 (give +8 demon blade)

Annotations:
D:15 exclusions: hell hound and hog, Azrael
Shoals:1 exclusion: kraken
Vaults:1 2 transporters, exclusion: 2 doors


Innate Abilities, Weirdness & Mutations

You thrive by killing the living.
You are immune to poison.
You have sharp fingernails.
Your flesh is cold resistant. (rC+)
You are immune to negative energy. (rN+++)
You do not regenerate when monsters are visible.
You are immune to unholy pain and torment.


Message History

Press: ? - help, Q - select action, (/) - cycle Shift-Dir - straight line, f/p - tentacled starspawn
Aim: a tentacled starspawn (lightly damaged, umbra, 79% to hit, immune to nets)
You throw a throwing net {=f}.
The throwing net {=f} barely misses the tentacled starspawn.
You hear a splash.
A ynoxinul comes into view.
Tentacles burst from the starspawn's body! 2 starspawn tentacles come into view.
Throw: 4 throwing nets {=f}
Press: ? - help, Q - select action, (/) - cycle Shift-Dir - straight line, f/p - tentacled starspawn
Aim: a tentacled starspawn (lightly damaged, umbra, 79% to hit, immune to nets)
You throw a throwing net {=f}.
The throwing net {=f} hits the tentacled starspawn.
The tentacled starspawn is too large for the net to hold!
The tentacled starspawn is lightly damaged.
You hear a splash.
The ynoxinul gestures.
Found a gateway leading deeper into the Abyss.
The starspawn tentacle completely misses you.
The starspawn tentacle grabs you. The starspawn tentacle constricts you.
You escape the starspawn tentacle's grasp.
The wretched star pulses with an eldritch light!
Found a gateway leading out of the Abyss.
The wretched star pulses with an eldritch light!
Your body decomposes!
You feel dopey.
Your body decomposes!
You feel dopey.
The wretched star pulses with an eldritch light!
There is a gateway leading out of the Abyss here.
The wretched star pulses with an eldritch light!
Your body decomposes!
You feel weakened.
Your body decomposes!
You feel clumsy.
You pass through the gate.
Welcome back to the Vaults!
Level annotation: 2 transporters, exclusion: 2 doors The phantasmal warrior hits you!!
You die...

#...# #...# #...# #...# #...#
#...# #...# #...# ######+####
### #...# #........p# ....
#...# #......pp.# 9.... #...#
#......@p[#...... #...#
#######W.9'# #...# #.8.## #...#
#...# #...# #...# #...# #e..#
#...# #...#
#...###########+###############
#..............................
#..............................
#..............................


You could see a vault warden (empowered), a war gargoyle, a deep elf high priest
(brilliance aura), a phantasmal warrior, 2 ironbound convokers, a peacekeeper
and a wizard (empowered).

Vanquished Creatures
  Rupert (Lair:3)
  Jorgrun (Orc:2)
  2 sphinxes (Shoals:4)
  2 azure jellies (IceCv)
  2 ghost moths (Spider:4)
  2 vault wardens (Vaults:1)
  5 emperor scorpions
  Aizul (Shoals:1)
  2 ironbound preservers (Vaults:1)
  A quicksilver ooze (IceCv)
  3 entropy weavers
  A dire elephant (Vaults:1)
  3 minotaurs
  2 spark wasps
  Snorg (Lair:3)
  A merfolk javelineer (Shoals:2)
  2 ettins
  A yaktaur captain (Vaults:1)
  Fannar (Lair:1)
  5 boulder beetles
  A catoblepas (D:13)
  7 hydras
  10 vault guards
  2 alligator snapping turtles (Shoals:4)
  An ironbound frostheart (Vaults:1)
  4 centaur warriors
  6 death yaks (Lair:6)
  2 ogre magi (Orc:2)
  12 two-headed ogres
  3 merfolk aquamancers
  11 satyrs (Shoals:4)
  7 merfolk avatars
  2 thrashing horrors (Abyss:2)
  An ironbound beastmaster (Vaults:1)
  Sonja (D:10)
  A spriggan (Lair:1)
  8 deep trolls
  A deep troll (shapeshifter) (D:13)
  10 sea snakes
  4 deep elf pyromancers
  3 wizards
  3 ironbound convokers (Vaults:1)
  A lindwurm (Lair:5)
  Pikel (D:9)
  An orc knight (Orc:1)
  20 manticores
  11 ugly things
  22 fauns
  20 harpies
  14 orb spiders
  A salamander (shapeshifter) (D:15)
  23 wolf spiders
  10 cyclopes
  4 black mambas
  9 merfolk sirens
  Joseph (D:7)
  2 ice statues (IceCv)
  5 vault sentinels (Vaults:1)
  3 moths of wrath
  5 water nymphs
  25 elephants
  3 centaur zombies
  A gargoyle (D:13)
  3 torpor snails (Spider:3)
  A guardian serpent (Spider:1)
  20 cane toads
  2 yaktaurs (Vaults:1)
  4 unseen horrors
  2 kobold demonologists
  6 rime drakes
  10 demonic crawlers
  7 komodo dragons
  3 entropy weaver simulacra (IceCv)
  3 tengu conjurers (D:12)
  32 jumping spiders
  8 polar bears
  14 merfolk
  4 meliai
  12 hornets
  A queen bee (Gauntlet)
  15 trolls
  Grinder (D:5)
  Prince Ribbit (D:6)
  11 dream sheep
  13 slime creatures
  3 wind drakes
  10 blink frogs
  7 snapping turtles
  74 redbacks
  4 shadows
  19 tarantellas
  Sigmund (D:4)
  A vampire (D:11)
  A tarantella (shapeshifter) (D:13)
  7 water elementals
  3 wyverns
  A basilisk (Lair:5)
  47 yaks
  A fire elemental (D:15)
  Grum (Lair:1)
  2 steam dragons
  Edmund (D:5)
  3 vampire mosquitoes
  3 acid dragons
  A demonic crawler simulacrum (IceCv)
  Duvessa (D:5)
  16 water moccasins
  A hornet zombie (D:8)
  14 orc warriors
  8 ugly thing simulacra (IceCv)
  2 sky beasts
  2 ice beasts
  2 black bears
  2 necrophages
  25 ogres
  46 wolves
  13 centaurs
  A kobold brigand (D:11)
  12 bullfrogs
  Dowan (D:5)
  2 glowing shapeshifter simulacra (IceCv)
  5 killer bees (Gauntlet)
  18 wights
  3 electric eels
  4 howler monkeys
  A gnoll shaman (D:9)
  6 hounds
  2 bullfrog skeletons
  A centaur skeleton (D:7)
  11 orc priests
  4 jellies
  Crazy Yiuf (D:3)
  2 iguanas
  Jessica (D:2)
  21 orc wizards
  Terence (D:3)
  A hound zombie (D:5)
  A hound skeleton (D:5)
  4 mummies
  Robin (D:3)
  A howler monkey zombie (D:7)
  4 gnolls (D:9)
  A howler monkey skeleton (D:7)
  3 adders
  15 white imps
  4 worms (D:5)
  2 dart slugs (D:1)
  52 orcs
  6 ball pythons
  6 endoplasms
  A giant cockroach (D:2)
  10 goblins
  9 hobgoblins
  2 jackals (D:1)
  5 quokkas
  3 training dummies (D:4)
  14 bats
  4 frilled lizards
  2 goblin zombies (Ossuary)
  3 hobgoblin zombies (Ossuary)
  8 kobolds
  A kobold zombie (Ossuary)
  5 rats
1081 creatures vanquished.

Vanquished Creatures (collateral kills)
  A ghost moth (Spider:4)
  A merfolk impaler (Shoals:2)
  2 deep trolls (Vaults:1)
  2 wolf spiders (Spider:4)
  2 orb spiders (Spider:4)
  2 fauns (Shoals:2)
  2 ugly things (Vaults:1)
  A water nymph (Shoals:2)
  3 yaktaurs (Vaults:1)
  2 demonic crawlers (Spider:4)
  2 merfolk (Shoals:2)
  9 jumping spiders
  A water elemental (Shoals:2)
  11 redbacks
  3 tarantellas (Spider:4)
  3 yaks (Lair:3)
  2 electric eels (Spider:4)
49 creatures vanquished.

Vanquished Creatures (others)
  2 merfolk aquamancers
  A manticore (Shoals:3)
  A centaur (D:12)
  An orc wizard (D:11)
  A bush (Lair:3)
  88 fungi
  140 plants
  A starspawn tentacle (Abyss:2)
235 creatures vanquished.

Grand Total: 1365 creatures vanquished

Notes
Turn   | Place    | Note
-------+----------+-------------------------------------------
     0 | D:1      | grimtooth the Ghoul Necromancer began the quest for the
                  | Orb.
     0 | D:1      | Reached XP level 1. HP: 14/14 MP: 2/2
    45 | D:1      | Found Omnoaciz's Distillery.
   308 | D:1      | Reached XP level 2. HP: 17/20 MP: 0/3
   436 | D:1      | Found Joso's General Store.
   599 | D:1      | Found Ogab's Assorted Antiques.
   661 | D:1      | - not again!
   667 | D:1      | - christ
  1159 | D:1      | Reached XP level 3. HP: 26/26 MP: 1/4
  1270 | D:1      | Learned a level 3 spell: Vampiric Draining
  1873 | D:2      | Found a faded altar of an unknown god.
  1961 | D:2      | Noticed Jessica
  1983 | D:2      | - aaaaa
  2251 | D:2      | Killed Jessica
  2252 | D:2      | Reached skill level 5 in Necromancy
  2252 | D:2      | Reached XP level 4. HP: 33/33 MP: 5/5
  2962 | D:3      | Noticed Terence
  2982 | D:3      | Found a runed translucent door.
  2983 | D:3      | Noticed Crazy Yiuf
  3191 | D:3      | Noticed Robin
  3583 | D:3      | Killed Robin
  3827 | D:3      | Noticed a water moccasin
  3828 | D:3      | - son of a bitch
  3911 | D:4      | Found Nallof's Firing Range.
  3937 | D:4      | Reached XP level 5. HP: 38/38 MP: 6/6
  3957 | D:4      | Noticed Sigmund
  3981 | D:4      | Killed Sigmund
  3982 | D:4      | Reached skill level 5 in Stealth
  3982 | D:4      | Reached skill level 6 in Necromancy
  3982 | D:4      | Reached XP level 6. HP: 25/45 MP: 1/7
  4726 | D:5      | Entered Level 5 of the Dungeon
  4726 | D:5      | Noticed a sky beast
  4874 | D:5      | Found a glowing drain.
  4909 | Sewer    | Entered a sewer
  4975 | Sewer    | Noticed a water moccasin
  4988 | Sewer    | Killed a water moccasin
  4989 | Sewer    | Reached XP level 7. HP: 43/50 MP: 1/10
  5127 | D:5      | Reached skill level 1 in Fighting
  5131 | D:5      | Found a sand-covered staircase.
  5183 | Ossuary  | Entered an ossuary
  5183 | Ossuary  | Noticed a wraith
  5183 | Ossuary  | Noticed a wraith
  5183 | Ossuary  | Noticed a wraith
  5527 | Ossuary  | Noticed a wraith
  6068 | D:5      | Noticed Duvessa
  6068 | D:5      | Noticed Dowan
  6209 | D:1      | Bought a scroll labelled OGHIEL ENOZE for 30 gold pieces
  6209 | D:1      | Bought a green potion for 27 gold pieces
  6209 | D:1      | Bought a scroll labelled INNYRO IMIC for 30 gold pieces
  6209 | D:1      | Bought 3 scrolls labelled XIDWEP CICH for 90 gold pieces
  6209 | D:1      | Bought a metallic puce potion for 27 gold pieces
  6676 | D:3      | Killed Crazy Yiuf
  6832 | D:3      | Killed Terence
  7089 | D:5      | Killed Duvessa
  7090 | D:5      | Reached XP level 8. HP: 36/66 MP: 1/11
  7242 | D:5      | Killed Dowan
  7385 | D:5      | Reached skill level 5 in Fighting
  7883 | D:5      | Noticed Grinder
  7900 | D:5      | Paralysed by Grinder for 7 turns
  8142 | D:5      | Found a staircase to the Ecumenical Temple.
  8151 | Temple   | Entered the Ecumenical Temple
  8159 | Temple   | Became a worshipper of Dithmenos the Shadowed
  8255 | D:6      | Noticed Edmund
  8273 | D:5      | Killed Edmund
  8400 | D:6      | Noticed Prince Ribbit
  8615 | D:6      | Learned a level 5 spell: Agony
  8835 | D:6      | Noticed a hornet
  9276 | D:6      | Killed a hornet
  9277 | D:6      | Reached skill level 7 in Necromancy
  9277 | D:6      | Reached XP level 9. HP: 64/75 MP: 8/12
  9434 | D:6      | Killed Prince Ribbit
  9609 | D:7      | Reached skill level 8 in Necromancy
  9619 | D:7      | Found an ornate altar of the Wu Jian Council.
  9930 | D:7      | Noticed Joseph
 10054 | D:7      | Found a radiant altar of Vehumet.
 10484 | D:8      | Reached skill level 10 in Stealth
 10484 | D:8      | Reached skill level 9 in Necromancy
 10489 | D:8      | Reached skill level 1 in Short Blades
 11342 | D:9      | Reached XP level 10. HP: 75/83 MP: 13/13
 11815 | D:9      | Reached skill level 1 in Unarmed Combat
 12729 | D:9      | Noticed Pikel
 12745 | D:9      | Killed Pikel
 12775 | D:9      | Reached * piety under Dithmenos
 12993 | D:9      | Found a shimmering altar of Xom.
 12996 | D:9      | Found a broken altar of Ashenzari.
 12997 | D:9      | Found a shimmering blue altar of Sif Muna.
 14169 | D:10     | Entered Level 10 of the Dungeon
 14358 | D:1      | Bought a scroll of fear for 49 gold pieces
 14391 | D:1      | Bought a potion of invisibility for 104 gold pieces
 14705 | D:10     | Killed an unseen horror
 14706 | D:10     | Reached skill level 5 in Unarmed Combat
 14746 | D:10     | Noticed a two-headed ogre
 14864 | D:10     | Reached skill level 5 in Short Blades
 15176 | D:10     | Found a staircase to the Orcish Mines.
 15225 | D:10     | Noticed Sonja
 16184 | D:1      | Bought a scroll of identify for 28 gold pieces
 16184 | D:1      | Bought a scroll of identify for 28 gold pieces
 16184 | D:1      | Bought a scroll of identify for 28 gold pieces
 16184 | D:1      | Bought a scroll of identify for 28 gold pieces
 16624 | D:5      | Found a burning altar of Makhleb.
 16767 | D:5      | Paralysed by Grinder for 2 turns
 16778 | D:5      | Killed Grinder
 16963 | D:7      | Killed Joseph
 16964 | D:7      | Reached XP level 11. HP: 44/89 MP: 5/15
 16968 | D:7      | Found a bloodstained altar of Trog.
 17400 | D:10     | Killed a two-headed ogre
 17401 | D:10     | Reached skill level 10 in Necromancy
 18515 | D:11     | Found a staircase to the Lair.
 18924 | D:11     | Noticed a manticore
 18992 | D:11     | Noticed an eight-headed hydra
 18994 | D:11     | - nice summons dude
 19324 | Lair:1   | Entered Level 1 of the Lair of Beasts
 19819 | Lair:1   | Reached ** piety under Dithmenos
 20090 | Lair:1   | Noticed Grum
 20136 | Lair:1   | Killed Grum
 20968 | Lair:1   | Noticed a spriggan rider
 21002 | Lair:1   | Killed a spriggan rider
 21003 | Lair:1   | Reached XP level 12. HP: 81/103 MP: 1/17
 21025 | Lair:1   | Noticed Fannar
 21304 | Lair:1   | Reached skill level 1 in Armour
 21353 | Lair:1   | Reached *** piety under Dithmenos
 21558 | Lair:1   | Killed Fannar
 22105 | Lair:1   | Reached skill level 5 in Armour
 22706 | Lair:2   | Noticed a seven-headed hydra
 22710 | Lair:2   | - whats become of this volcano?
 22710 | Lair:2   | - not one message
 23144 | Lair:2   | - now here's a message on re-enter
 23144 | Lair:2   | - 'rapid'
 23204 | Lair:2   | - and i missed it
 23239 | Lair:2   | Reached skill level 11 in Necromancy
 23595 | Lair:2   | Reached XP level 13. HP: 89/111 MP: 11/18
 23815 | Lair:2   | Reached skill level 12 in Necromancy
 23916 | Lair:2   | Found a staircase to the Shoals.
 24005 | Lair:2   | Reached skill level 1 in Invocations
 24803 | Lair:3   | Reached **** piety under Dithmenos
 24874 | Lair:3   | Noticed Snorg
 25224 | Lair:3   | Noticed Rupert
 25245 | Lair:4   | Found a hole to the Spider Nest.
 26511 | Lair:4   | Reached skill level 1 in Evocations
 27622 | Lair:4   | Reached ***** piety under Dithmenos
 27921 | Lair:5   | Found a frozen archway.
 28083 | IceCv    | Entered an ice cave
 28121 | IceCv    | - smells like the jiyva one
 28126 | IceCv    | - yep
 28329 | IceCv    | Reached skill level 13 in Necromancy
 28509 | IceCv    | Reached XP level 14. HP: 118/118 MP: 19/19
 28526 | IceCv    | Noticed a quicksilver ooze
 28537 | IceCv    | Killed a quicksilver ooze
 29990 | IceCv    | Found a viscous altar of Jiyva.
 29990 | IceCv    | Noticed an azure jelly
 30005 | IceCv    | Killed an azure jelly
 30187 | IceCv    | Noticed an azure jelly
 30195 | IceCv    | Killed an azure jelly
 30203 | IceCv    | Got the ring of Dim Light {Ice rElec rN+ MP+9 Str+2}
 30205 | IceCv    | Got the ring of Quilipp {rElec rC+ Str-4 Int+9 Stlth-}
 30206 | IceCv    | - now these are interesting
 30206 | IceCv    | Identified the +6 glaive "Suedoemn" {freeze, +Blink rF-
                  | Int+7}
 30805 | Lair:5   | Reached skill level 14 in Necromancy
 30805 | Lair:5   | Reached skill level 5 in Evocations
 31156 | Lair:6   | Entered Level 6 of the Lair of Beasts
 31158 | Lair:6   | - looks like a pond
 32078 | Lair:6   | Found a staircase to the Slime Pits.
 32543 | Lair:6   | Reached skill level 15 in Necromancy
 34237 | Lair:6   | Reached XP level 15. HP: 118/124 MP: 21/21
 34295 | Lair:6   | Reached skill level 5 in Spellcasting
 34575 | Lair:6   | Reached skill level 5 in Invocations
 35135 | Orc:1    | Entered Level 1 of the Orcish Mines
 35812 | Orc:2    | Entered Level 2 of the Orcish Mines
 35812 | Orc:2    | Found Doah's Antique Armour Boutique.
 35812 | Orc:2    | Found Vitomor's Armour Shoppe.
 35812 | Orc:2    | Found Vugoirakar's Antique Armour Emporium.
 35814 | Orc:2    | Noticed Jorgrun
 36612 | D:10     | Killed Sonja
 36749 | D:12     | Found Ajearcheatu's Armour Emporium.
 36877 | D:12     | Found the +0 staff of Battle
 37836 | D:1      | Bought a scratched garnet ring for 150 gold pieces
 37869 | D:1      | Bought a potion of curing for 39 gold pieces
 37869 | D:1      | Bought a potion of magic for 104 gold pieces
 38380 | D:13     | Noticed Nessos
 38563 | D:13     | - oh, NOT a runed door
 39174 | D:13     | Reached skill level 10 in Fighting
 39350 | D:13     | Found a gate to the Vaults.
 40824 | D:13     | HP: 5/129 [manticore (14)]
 41546 | D:14     | Found a gate leading to a gauntlet.
 41555 | Gauntlet | Entered a Gauntlet
 41555 | Gauntlet | Found a transporter.
 41565 | Gauntlet | Found a transporter.
 41573 | Gauntlet | Found a transporter.
 41576 | Gauntlet | Found a transporter.
 41584 | Gauntlet | Found a transporter.
 41601 | Gauntlet | Found a transporter.
 41609 | Gauntlet | Found a transporter.
 41624 | Gauntlet | Found a runed translucent gate.
 41625 | Gauntlet | Found a transporter.
 41625 | Gauntlet | Found a runed translucent gate.
 41626 | Gauntlet | Found a runed translucent gate.
 41629 | Gauntlet | Found a transporter.
 41638 | Gauntlet | Found a transporter.
 41641 | Gauntlet | Found a transporter.
 41642 | Gauntlet | Found a transporter.
 41675 | Gauntlet | Found a transporter.
 41680 | Gauntlet | Found a transporter.
 41693 | Gauntlet | Found a runed translucent door.
 42262 | Gauntlet | Identified the +0 cloak of Worok {rC+}
 42343 | Gauntlet | Identified the +6 hand axe of Disaster {drain, rC+++ MP-9
                  | Str+3 Stlth+}
 42981 | D:14     | Reached skill level 1 in Shields
 43028 | D:14     | Reached XP level 16. HP: 98/139 MP: 22/24
 43328 | D:13     | Identified a scroll of acquirement
 43778 | Orc:2    | Reached ****** piety under Dithmenos
 44398 | Orc:2    | - 44% paralyse...
 45486 | Orc:2    | Killed Jorgrun
 45837 | Orc:2    | Reached skill level 5 in Dodging
 46198 | Orc:2    | Found Apne's Distillery.
 46251 | Orc:2    | Paralysed by something for 3 turns
 46501 | Orc:2    | Found a staircase to the Elven Halls.
 46622 | Orc:2    | Bought a potion of magic for 104 gold pieces
 46622 | Orc:2    | Bought a potion of heal wounds for 65 gold pieces
 46627 | Orc:2    | Bought a pair of glowing boots for 142 gold pieces
 46904 | D:1      | Bought a scroll of enchant armour for 105 gold pieces
 46937 | D:1      | Bought a potion of curing for 39 gold pieces
 47222 | Spider:1 | Entered Level 1 of the Spider Nest
 47615 | Spider:1 | Reached skill level 5 in Shields
 49784 | Spider:2 | Reached skill level 10 in Unarmed Combat
 52934 | Spider:3 | Reached XP level 17. HP: 141/146 MP: 5/25
 53638 | Spider:3 | - thisll help
 53648 | Spider:3 | Learned a level 4 spell: Dispel Undead
 53651 | Spider:3 | Learned a level 2 spell: Corpse Rot
 53658 | Spider:3 | Learned a level 6 spell: Death Channel
 54344 | Spider:3 | Reached skill level 10 in Invocations
 54587 | Spider:4 | Entered Level 4 of the Spider Nest
 56637 | Shoals:1 | Entered Level 1 of the Shoals
 56949 | Shoals:1 | Noticed a kraken
 56997 | Shoals:1 | Noticed Aizul
 57014 | Shoals:1 | Killed Aizul
 57115 | Shoals:1 | Found Ciarch's Gadget Gallery.
 59271 | Shoals:2 | Reached skill level 15 in Stealth
 59288 | Shoals:2 | Reached skill level 16 in Necromancy
 59684 | Shoals:2 | Reached XP level 18. HP: 95/154 MP: 19/26
 61017 | Shoals:4 | Entered Level 4 of the Shoals
 62409 | Shoals:4 | HP: 3/154 [faun/sling bullet (16)]
 63701 | Shoals:4 | Paralysed by a sphinx for 6 turns
 64667 | Shoals:4 | Identified the +11 spear of Zeeqosuh {drain, Dex+3}
 64721 | Shoals:4 | Got a barnacled rune of Zot
 65540 | D:15     | Entered Level 15 of the Dungeon
 65593 | D:15     | Noticed Azrael
 65924 | D:15     | Reached skill level 17 in Necromancy
 66119 | D:15     | Found a portal to a secret trove of treasure.
 66175 | D:15     | Found Viored's Self-Improvement Boutique.
 66186 | D:15     | Reached skill level 15 in Unarmed Combat
 66740 | D:13     | Noticed Nessos
 66740 | D:13     | Nessos changed into Nessos the two-headed ogre
 66749 | D:13     | Killed Nessos the two-headed ogre
 66937 | Lair:3   | Killed Snorg
 67093 | Lair:3   | Killed Rupert
 67480 | Spider:4 | - these moths are a problem
 67629 | Spider:4 | Reached XP level 19. HP: 124/160 MP: 8/27
 68934 | Spider:4 | Got a gossamer rune of Zot
 69522 | Vaults:1 | Entered Level 1 of the Vaults
 69592 | Vaults:1 | - this bardiche is kicking my ass
 69776 | Vaults:1 | Identified the +5 falchion of the Endless March {flame,
                  | rCorr}
 70310 | Vaults:1 | HP: 7/160 [vault warden (43)]
 70311 | Vaults:1 | the bardouchebag again
 70322 | Vaults:1 | HP: 3/160 [vault guard[a vault warden] (32)]
 70323 | Vaults:1 | - damn
 70336 | Vaults:1 | HP: 5/160 [vault guard[a vault warden] (1)]
 70874 | Vaults:1 | - I don't think I can hack it around here
 70887 | Vaults:1 | Found Agizepy's Assorted Antiques.
 71563 | Vaults:1 | - oh and this one is holy wrath
 71923 | Vaults:1 | - oops
 71926 | Vaults:1 | Reached skill level 18 in Necromancy
 72469 | Vaults:1 | Found a transporter.
 72556 | Vaults:1 | Found a transporter.
 72604 | Vaults:1 | Cast into level 2 of the Abyss (a wizard)
 72639 | Abyss:2  | HP: 5/160 [thrashing horror (7)]
 72655 | Vaults:1 | Escaped the Abyss
 72655 | Vaults:1 | Demolished by a phantasmal warrior

Illustrated notes ### ..# ..###################### .......................# ..#.......#..#.......#.# ..##.##..#.#........##.# ..#...#.........#.#..#.# ..#..####.##...#######.# .##### ############ #.# .# ##.....@..###.# .. .......r.>##..# ## ##........#..## . ..........#..########## . ###......(#...........# # #.#.###.#...........# # #.#...#.##.#.#####..# # #.#......†.#... # # #...$..#####.### ###....# ... ...r...# ..# Turn 661 on D:1: - not again! ### ..# ..###################### .......................# ..#.......#..#.......#.# ..##.##..#.#........##.# ..#...#.........#.#..#.# ..#..####.##...#######.# .##### ############ #.# .# ##.....@..###.# .. .......†.>##..# ## ##........#..## . ..........#..########## . ###......(#...........# # #.#.###.#...........# # #.#...#.##.#.#####..# # #.#......†.#... # # #...$..#####.### ###....# ... ...r...# ..# Turn 667 on D:1: - christ #.''''' #.. ###.''''' #.. #........ #.# #.#####.# $.. #########.#####.# #.# #............##.# #.# #............##.# #.# #.>..........##.# #### #.###########.#####.# .....##..l...######.# #.# ........(J@.....>##.#####.# ........####.†.####.....#.# ...####.# #...# #..##.#.# .. .... #...####..#..... ..@.# #.........####.# #.....# ##..#####.# #.# #...... #..#####.# #.# #....#.###..##....# #.# #....#..##...+....# #.# #....##.##.###....#..#.# .....................#.# Turn 1983 on D:2: - aaaaa ..##.......# #...# #.....>.## #.##.##.##.###...#######..####.## #.............)................## ..........................####... #.##.<..................#>..##.## #.##..####.#[#...#.######.#.##.## ..#........#.#...#.# #.#.##.## ##..######.#...#.# #......# #....# #.#...#.# ###.#### ♣....♣ #.#...#.# #.# ♣♣...♣ #....@..# #.##### ♣♣.♣♣ ###...### #.#...# ♣♣.♣ #.... #...#.# ♣.♣♣ #..... ###.... ♣♣.♣ .(.##S.. ##### ♣.♣♣ .#.> .#.. #+# # ... ..... ... ##.. .. .#. #...# #)g.# ##### Turn 3828 on D:3: - son of a bitch .............#............. #... ....##.#...>.#........?......#... ... #...............#... ..# ... #...............#... ..## .... ........$.....##... ... ....# ............##... ..... ......###...#......##... ##.... ........'.[.......###... #..... ......###...##.......... #..... #....^Yc........)####... ...... #.YY.YK@.........# #... .....# #.....D..........# ##... .....# #....Y......##...# #.... .....# #........(......## #.... ...## .................###.... ...# ##...................... ...## )....#......####.###.... ...... ............. .......... ...... .... ............ ...#.. ..............#.# #### . .......?.. #.# Turn 18994 on D:11: - nice summons dude #. ## ##.## . ...# .### #.P###...# #P.....D.## #... #.........####.... ##................. #....# ####....#.[ ###...####..##...+.. #..@.##.....##...... ##....#.....#....... ##..#......#....#.. #..........#...... #...........##...... ###..##.....#....### #..#####.###...... #.$# #.###...... #... ........... #P## ..#####P..## #. ##### Turn 22710 on Lair:2: - whats become of this volcano?

##..#...................#...P##
#...+.....#.............#....##
###.......#...^....##..#........
#.#................##.#..≈≈≈≈...
#.....................≈≈≈≈≈≈...
#..................†.≈≈≈≈≈≈≈...
#P...................≈≈≈≈≈≈≈...
##††.............#...≈≈≈≈≈≈....
#...............#...≈≈≈≈≈.>...
#†####P#.##.....#...≈≈≈≈≈≈...#
#.######.##..@..#...≈≈≈≈≈≈≈...
#.##P..#.##.....^#...≈≈≈≈.....
#.+.......##....#......≈≈....#
#..##.....####..#....#.......
#..#.....## ##.##...##......
#.####.### #.##+#+.#......
##.###### #.......#.....#.
#..#P#### #...............
##......# ##..........#....
#......#≈≈ ##......:..(......
##........≈≈ #...........#.....


Turn 23144 on Lair:2: - now here's a message on re-enter
⌠#....###.####[.............. .Y...........................
#............................ #...............Y............
##............Y.....#.###.## ##..................##..#####
#......#...##P......##......# ##....##+.+########.##......#
.+....##...##.....####......# #.....#....#.......###..Y..P# ......#..###
#@..##.......# .#.....##.# ##l..####..#...# ##........# #Y..##.#..###.#.
#.........# #...#..........# ..........# #...#..Y......## ########.##
##...#....#..### ## #...##.####### #..##..# #.....## #.#.### ##.## Turn 23204 on
Lair:2: - and i missed it .# . .# .# ### ..# ##.## #.# #...##..# #∩∩..@..#
#...##..# ##.## #.# ### ..# .# .. .# Z# Turn 28121 on IceCv: - smells like the
jiyva one Z. ##.# #..# ### #..# ##.####.# #...##..# #∩∩.....# #...##..#
##.####.## ### #..# #.@# ##..# #..# #.Z# ##.. ..# #.. JJ. Turn 28126 on IceCv: -
yep ..#...##....##.......## ..##...#....#...#.#...# #..#...##..##.........#
#..##...##.##..#._.#..# ##..##..#####.........# #...##..# #....#....# ##......#
#.......## #......# ##.....## #......# #/...[# ##.....# #)...)# ##...## ##@.[##
##### ##### Turn 30206 on IceCv: - now these are interesting ...#.....#PP...
............... ............... ............... .........F..... ...............
.........§..... .....(.@.F.$... ...........≈≈≈≈ ...........≈##≈ ...........F≈≈≈
...........≈P≈≈ ..#.........##≈ . ...#......# .J........≈≈ Turn 31158 on Lair:6:
- looks like a pond ... ###..# ##.....#.) ########......##.
#..[.......#+###+#.... ###### #.........##.?##.##### .....#
#.........#u./.+#'$..# ....<# #.........#C?.?##e.[.$
.....######.........##Y?###c.9$? .....'.†..#.......u..####.'.D...
.....####.......@.y.y.c..T##TK?# .....# ###........#.e.Y...##### #'####
#######.#########..... #.# #.# ..# #.# ..# # #.# ..## #.# #.# ..# .. ### Turn
38563 on D:13: - oh, NOT a runed door .##........... ......... ###.O..$...#.. .T
......# ##.[..##.#.# .. #...... #T<.o.o..............#... .....##...O..........
.....# .o....O.....$# . .....# .....O...... #.. $.....# .....O.... ... ........
......... .. . ......#.......C..#.#.... ............O...@....... .##.....
.............∩. .....$.∩....... ............... ............... ...............
............... ........∩...... Turn 44398 on Orc:2: - 44% paralyse... .#.^^#
.#... .#.. ####... ##.... #..#..##...... #.....#....... #.....#..).... ##..
#.@(##.....## .....#...#...?.... .....#...#........ #....#.....^^.....
....##........#######. ...................^# ....!..............##
#.......^...####.... ##.......##.....##... >.......##...^...#######
#....#....^.........# Turn 53638 on Spider:3: - thisll help #..##......^....#
.....^....^^...## ...?..^####....# ..........^^..### ###..#...##..†#^##
#.^.^#.........^.# .....#.....###...# .^....#...^......# #.....#^.........#
##....#....##.^#### ...#....#.......@.# ...#....###......## ........^#......###
.....#####........## .....^.^.#...^.^..^# ^........#^..^.##### ...#.....^.##.^#
...#........#### .[.#..^......# .....#......## .^^###...#### Turn 67480 on
Spider:4: - these moths are a problem #### #### ##########..###..#
#..)#...###..#..## # #.p)#.@)####...#### #...##'##pZ.+....∩....#
#....p#######...#### #.....# ##..#..# +....)+ #..###..# #.....# ##'########
#.....# #.......... ..##+##. #.......... ... .. #.......... .. .. #..........
#.......... Turn 69592 on Vaults:1: - this bardiche is kicking my ass #...#
#...# #...# #...# #...# #...# #...# #...# #...# #.○.# #.@.# #Z☼Z# #Zpp# #)pc#
#...# ....# .....# .....# ......# #.....# Turn 70311 on Vaults:1: the
bardouchebag again #...# #...# #...# #...# #...# #...# #...# #...# #...# #...#
#..@# #.p)# #..c# #.ZZ# #...# #.))# #)..# #...# ....# .....# .....# Turn 70323
on Vaults:1: - damn #...# #...# #...# #.).# #...# #...# #...# #p..# #...# #TT.#
#@..# #...# #...# #...# #...# #...# #...# #...# #...# #..)# #..)# Turn 70874 on
Vaults:1: - I don't think I can hack it around here #...# #...#...# #...#.###.#
#...#...# #...#.....# ##.###.## #...#.###.####.###[#### #...#.#p#.+...#...#...#
#...#.###.#...#...#...# #...#... ##.###.###.## #...#+######.###.###.#
#..........##...#...## #...........+...#...# #)..........##@###.## .
#............#.# #.# # #.........####p##### #.. #.........p'........#
#..........#........# #..........#........# #...^......#........#
#..........#........# ### ..........#........#p #.. #..........#........#.# #..
#..........#........#.[. #.. Turn 71563 on Vaults:1: - oh and this one is holy
wrath #...^......#........# #..........#........#.# ### ..........#........#.#
#.. #..........#........#.# #.. #..........#........#.[. #..
#..........#........# .. ### #..........#........# . ##..........#........# ...
...........[##########.... ...........[..†........... ...........)....@....p....
########################## Turn 71923 on Vaults:1: - oops

Levels and vault maps discovered:
D:1:      lemuel_arrival_cross, layout_basic, serial_shops,
          nicolae_shop_overgrown_old_shop, shop, shop, minmay_misc_feat_rows,
          chequers_garden, minmay_misc_feat_rugged, minmay_misc_feat_doors
D:2:      layout_basic, hellmonk_ecumenical_altar_heavens_door, uniq_jessica
D:3:      layout_loops_cross, uniq_crazy_yiuf_cottage, uniq_robin, uniq_terence
D:4:      layout_loops_ring, nicolae_shop_firing_range, uniq_sigmund
D:5:      layout_layer_cave, makhleb_blood_cavern_becter,
          minmay_temple_entry_poolview, cheibrodos_sewer_entry_bend,
          gup_ossuary_entry_pyramid, uniq_grinder, uniq_duvessa
D:6:      layout_gridville, uniq_prince_ribbit1, uniq_edmund
D:7:      layout_basic, bloody_trog, grunt_temple_overflow_open,
          minmay_misc_feat_plants, uniq_joseph
D:8:      layout_basic, grunt_ministairs_7
D:9:      layout_basic, minitemple, amcnicky_mini_corridor_feature, uniq_pikel
D:10:     layout_irregular_city, elyvilon_altar_5, orc_0_dummy, serial_rivers,
          chequers_serial_rivers_micro_a, chequers_serial_rivers_room_b,
          chequers_serial_rivers_small_a, chequers_serial_rivers_room_a,
          chequers_serial_rivers_room_b, uniq_sonja
D:11:     layout_basic, lair_entry_dummy, st_stairs_12
D:12:     layout_roguey, serial_shops, shop,
          hellmonk_guarded_unrand_staff_of_battle
D:13:     layout_roguey, erik_vaults_2, minmay_joined_circles, uniq_nessos
D:14:     layout_basic, gauntlet_entry_generic, amcnicky_mini_pool_small,
          nrook_uturn
D:15:     hangedman_depths_entry_try_elsewhere_first, layout_basic,
          nicolae_trove_entry_crossroad, drop_trap, nicolae_shop_self_help,
          uniq_azrael, uniq_kirke
Temple:   eino_narrow_crystal_temple
Lair:1:   layout_regular_city, chequers_serial_rivers_micro_d,
          grunt_forest_large_clearings, grunt_megastairs_4, uniq_fannar,
          uniq_grum
Lair:2:   layout_regular_city, minmay_shoals_entry_lonely_mermaid,
          lightli_volcano_entry_magma_tube, infiniplex_staircase_pool,
          grunt_megastairs_2, lemuel_fruit_fields
Lair:3:   layout_loops_ring, lemuel_fruit_fields, uniq_snorg, uniq_rupert
Lair:4:   layout_regular_city, spider_nest_entry_web_field, lemuel_fruit_tree
Lair:5:   layout_big_grid, portal_ice_cave_entry_imps
Lair:6:   gammafunk_lair_ancient_temple, layout_regular_city,
          nicolae_slime_entry_slimehenge, st_stairs_7, wad_woods_road_05
Shoals:1: layout_shoals, nicolae_shoals_lost_giant_hut, nicolae_shop_gadgets,
          uniq_aizul
Shoals:2: layout_shoals, nicolae_shoals_stone_sculpture_thing,
          nicolae_shoals_nautilus_by_nature, centaur_isle
Shoals:3: layout_shoals, overgrown_tower
Shoals:4: shoals_end_hellmonk_lost_city
Spider:1: layout_chambers
Spider:2: layout_chambers
Spider:3: layout_spider_delve
Spider:4: spider_rune_water
Orc:1:    layout_caves, basic_altar
Orc:2:    st_orc_open, layout_caves, nicolae_orc_tapped_out, uniq_jorgrun
Vaults:1: gammafunk_the_bubble [the_bubble_gammafunk_plus_minus], v_misc_18,
          vaults_mumra_chevron_long, v_alt_pattern_4,
          hangedman_vaults_variations, v_misc_23, v_misc_15,
          nicolae_vaults_asterisk, nicolae_vaults_specimen_jars,
          nicolae_vaults_little_ls, layout_vaults_quadrants, serial_shops, shop

Skill      XL: |  1  2  3  4  5  6  7  8  9 10 11 12 13 14 15 16 17 18 19 |
---------------+----------------------------------------------------------+-----
Stealth        | 3 5 6 7 9 10 11 12 15 | 15.0
Necromancy     | 5 6 7 9 10 11 13 15 16 17 18 | 18.0
Spellcasting   | 3 4 6 |  6.0
Fighting       | 4 6 8 9 12 | 12.0
Short Blades   | 2 6 |  6.0
Unarmed Combat | 6 8 9 11 12 15 | 15.0
Armour         | 6 9 |  9.0
Invocations    | 1 4 9 10 | 10.9
Evocations     | 3 6 7 |  7.2
Dodging        | 2 6 |  6.0
Shields        | 1 6 |  6.0

Action                   |  1- 3 |  4- 6 |  7- 9 | 10-12 | 13-15 | 16-18 | 19-21 || total
-------------------------+-------+-------+-------+-------+-------+-------+-------++-------
Melee: Unarmed           |    48 |     7 |       |  1041 |  1621 |  1733 |   133 ||  4583
       Whip              |       |    63 |   219 |       |       |       |       ||   282
       Dagger            |       |       |    53 |    78 |    54 |   144 |    22 ||   351
       Punch             |       |       |       |    16 |    51 |     6 |       ||    73
       Staff             |       |       |       |       |     1 |    18 |    12 ||    31
Throw: Stone             |    24 |    54 |    64 |       |       |       |       ||   142
       Javelin           |     1 |     5 |    21 |    21 |    12 |       |       ||    60
       Dart              |       |       |    17 |    45 |   167 |   105 |    31 ||   365
       Boomerang         |       |       |       |       |     4 |    40 |     2 ||    46
       Throwing net      |       |       |       |       |       |       |     2 ||     2
 Cast: Pain              |    58 |    92 |    71 |    33 |    36 |    61 |    29 ||   380
       Vampiric Draining |       |       |    35 |   133 |   258 |   356 |    56 ||   838
       Agony             |       |       |       |     2 |    48 |    93 |    16 ||   159
       Death Channel     |       |       |       |       |       |    13 |     7 ||    20
       Corpse Rot        |       |       |       |       |       |     4 |     1 ||     5
Invok: Shadow Step       |       |       |       |       |     3 |     6 |     1 ||    10
Evoke: Wand              |       |       |       |    21 |    50 |    89 |    30 ||   190
       Phial of floods   |       |       |       |       |       |       |     1 ||     1
       Condenser vane    |       |       |       |       |       |       |     1 ||     1
  Use: Scroll            |       |     1 |    11 |    11 |    12 |    11 |     6 ||    52
       Potion            |       |       |     1 |     7 |     8 |     8 |     5 ||    29
 Stab: Sleeping          |       |       |     5 |     7 |    29 |    29 |     4 ||    74
       Distracted        |       |       |       |     1 |     5 |    17 |     1 ||    24
       Paralysed         |       |       |       |       |       |     9 |     1 ||    10
       Invisible         |       |       |       |       |       |     1 |     5 ||     6
       Confused          |       |       |       |       |       |       |     2 ||     2
       Held in net/web   |       |       |       |       |       |       |     1 ||     1
Armor: Robe              |     7 |       |       |    68 |    62 |       |       ||   137
       Leather armour    |     3 |    29 |    47 |   268 |       |       |       ||   347
       Fire dragon scale |       |       |       |       |   895 |  1189 |   137 ||  2221
Dodge: Dodged            |    50 |   102 |   216 |   971 |  1493 |  1800 |   190 ||  4822
Block: Buckler           |       |       |       |       |       |   805 |   157 ||   962
       Reflection        |       |       |       |       |       |    48 |     3 ||    51
